 Dungeon Crawl Stone Soup version 0.25-a0-566-g062765be81 (webtiles) character file.

Game seed: 16665959159217125548, levelgen mode: deterministic

52 vurker the Gusty (level 3, -8/15 HPs)
             Began as a Felid Air Elementalist on Feb 28, 2020.
             Killed from afar by Natasha (10 damage)
             ... with a magic dart
             ... on level 2 of the Dungeon.
             The game lasted 00:02:12 (1789 turns).

vurker the Gusty (Felid Air Elementalist)           Turns: 1789, Time: 00:02:13

Health: -8/15      AC:  1    Str:  4    XL:     3   Next: 60%
Magic:  0/8        EV: 18    Int: 17    God:
Gold:   53         SH:  0    Dex: 16    Spells: 6/7 levels left
                                        Lives:  0   Deaths: 0

rFire    . . .     SeeInvis +   (weapon unavailable)
rCold    . . .     Gourm    .   (shield unavailable)
rNeg     . . .     Faith    .   (armour unavailable)
rPois    .         Spirit   .   (helmet unavailable)
rElec    .         Reflect  .   (cloak unavailable)
rCorr    .         Harm     .   (gloves unavailable)
MR       .....                  (boots unavailable)
Stlth    +++.......             (no amulet)
HPRegen  0.05/turn              (no ring)
MPRegen  0.11/turn              (no ring)

@: very slightly contaminated, quick
A: very small, no armour, no weapons or thrown items, stealth, claws 1, fangs 3,
see invisible, carnivore, speed 1, shaggy fur 1, slow metabolism 1, sharp paws
a: no special abilities


You were on level 2 of the Dungeon.
You were completely stuffed.

You visited 1 branch of the dungeon, and saw 2 of its levels.

You collected 53 gold pieces.

Inventory:

Scrolls
 c - a scroll of fear {unknown}
 d - a scroll of identify {unknown}
 g - a scroll of magic mapping {unknown}
 h - a scroll of fog {unknown}
Potions
 b - a potion of heal wounds {unknown}
 f - a potion of lignification {unknown}
Comestibles
 a - 3 chunks of flesh
 e - 2 rations


   Skills:
 + Level 1.0 Fighting
 - Level 2.6 Dodging
 - Level 2.6 Stealth
 * Level 2.7 Spellcasting
 + Level 1.4 Conjurations
 * Level 3.2 Air Magic


You had 6 spell levels left.
You knew the following spells:

 Your Spells              Type           Power        Failure   Level  Hunger
a - Shock                 Conj/Air       ##..         7%          1    #......

Your spell library contained the following spells:

 Spells                   Type           Power        Failure   Level  Hunger
 Swiftness                Chrm/Air       #.......     14%         2    ##.....
 Static Discharge         Conj/Air       ##......     21%         3    ###....
 Airstrike                Air            ##........   43%         4    #####..
 Lightning Bolt           Conj/Air       ##........   88%         5    ######.


Dungeon Overview and Level Annotations

Branches:
Dungeon (2/15)

Altars:

Annotations:
D:2 Natasha, Sigmund


Innate Abilities, Weirdness & Mutations

You cannot wear armour.
You are incapable of wielding weapons or throwing items.
Your paws allow you to move quietly. (Stealth)
You have sharp claws.
You have razor-sharp teeth.
You have supernaturally acute eyesight. (SInv)
You are carnivorous and can eat meat at any time.
You cover ground quickly.
You are covered in fur. (AC +1)
You have a slow metabolism.
Your sharp claws are effective at attacking unaware monsters.


Message History

The zap hits the bat.
You kill the bat!
You can't see any susceptible monsters within range! (Use Z to cast anyway.)
You can't see any susceptible monsters within range! (Use Z to cast anyway.)
Found 10 stones.
You see here 16 poisoned darts.
Found 12 stones.
You see here 10 stones.
As you open the door, it creaks loudly!
You hear an angry hiss.
There is an open door here.
You open the door.
Found 7 sling bullets.
There is an open door here.
Found a golden potion.
Sigmund the Dreaded comes into view.
He is wielding a +4 vorpal scythe.
Things that are here:
7 sling bullets; a scroll labeled ANUTWA EHAOTZ Some of the chunks of flesh in your inventory have rotted away.
Natasha, Servant of Life and Death comes into view.
Natasha casts a spell at you. The magic dart hits you!
Ouch! That really hurt!
* * * LOW HITPOINT WARNING * * *
There is an open door, spattered with blood here.
Aim: Natasha The zap hits Natasha.
Aim: Natasha (lightly wounded)
The zap misses Natasha.
Aim: Natasha (lightly wounded)
The zap hits Natasha.
Aim: Natasha (moderately wounded)
The zap hits Natasha.
Natasha wildly gestures.
You feel troubled.
The zap hits Natasha.
Natasha completely misses you.
Okay, then.
The zap hits Natasha.
Natasha claws you.
* * * LOW HITPOINT WARNING * * *
The zap hits Natasha.
Natasha barely misses you.
The zap hits Natasha.
Natasha barely misses you.
You don't have enough magic to cast that spell.
You scratch Natasha but do no damage. Natasha barely misses you.
You closely miss Natasha. Natasha closely misses you.
You miscast Shock.
You are very lightly contaminated with residual magic.
Nothing appears to happen.
Natasha stares at you and mumbles some strange words.
The magic dart hits you!
Ouch! That really hurt!
You die...

.....!...# ........#
#...... #.....######
#@.......... .##.#.#
#.(# .##.#.# #.##
......## #.# .......#
##@## .##.#..# ##h..##
(##.#..# ##.....##
.##.#..## ##.......#
.##.#...####.........#
...........'.....≈...+
........####...≈⌠≈...#
###.##.## ##..≈≈...##
#.#### ##.....##


You could see Natasha.

Vanquished Creatures
  An adder (D:2)
  A dart slug (D:1)
  3 leopard geckos (D:1)
  6 bats
  A giant cockroach (D:1)
  6 goblins
  3 hobgoblins
  6 jackals
  A ball python (D:1)
  3 kobolds
  6 rats
37 creatures vanquished.

Notes
Turn   | Place    | Note
-------+----------+-------------------------------------------
     0 | D:1      | vurker the Felid Air Elementalist began the quest for the
                  | Orb.
     0 | D:1      | Reached XP level 1. HP: 7/7 MP: 4/4
    37 | D:1      | Reached skill level 1 in Conjurations
   166 | D:1      | Reached XP level 2. HP: 9/11 MP: 1/6
   479 | D:1      | Reached skill level 3 in Air Magic
   789 | D:1      | Reached XP level 3. HP: 12/15 MP: 1/7
  1160 | D:2      | Reached skill level 1 in Fighting
  1775 | D:2      | Noticed Sigmund
  1777 | D:2      | Noticed Natasha
  1789 | D:2      | Killed from afar by Natasha

Levels and vault maps discovered:
D:1:      dpeg_arrival_simpleton_c, layout_loops_ring, serial_bayou,
          serial_bayou_pond_a, serial_bayou_pond_c, serial_bayou_pond_c,
          serial_bayou_pond_b
D:2:      layout_loops_corners, corexii_leaking_fountain, grunt_ministairs_2,
          uniq_sigmund, uniq_jessica, uniq_natasha

Skill      XL: |  1  2  3 |
---------------+----------+-----
Conjurations   | 1 |  1.4
Air Magic      | 3 |  3.2
Fighting       | 1 |  1.0
Dodging        | |  2.6
Stealth        | |  2.6
Spellcasting   | |  2.7

Action                   || total
-------------------------++-------
Melee: Unarmed           ||    51
       Bite              ||     1
 Cast: Shock             ||    86
  Eat: Chunk             ||    10
Armor: Skin              ||    10
Dodge: Dodged            ||    74

Table legend:
 A = Non-vault XP
 B = Vault XP
 C = Vault XP percentage of total XP
 D = Non-vault monster count
 E = Vault monster count
 F = Vault count percentage of total count
                 A         B        C        D         E       F
            +---------+---------+-------+---------+---------+-------
      Total |      70 |       5 |   6.7 |      33 |       4 |  10.8
            +---------+---------+-------+---------+---------+-------
        D:1 |      41 |       5 |  10.9 |      23 |       4 |  14.8
        D:2 |      29 |       0 |   0.0 |      10 |       0 |   0.0
            +---------+---------+-------+---------+---------+-------
